 Dungeon Crawl Stone Soup version 0.26-a0-597-gb535b0901c (webtiles) character file.

Game seed: 478453340914608302

2466 Cokeysmoke the Zephyrmancer (level 9, -6/52 HPs)
             Began as a Tengu Air Elementalist on Sept 10, 2020.
             Mangled by an ice beast (21 damage)
             ... on level 6 of the Dungeon.
             The game lasted 00:33:29 (9939 turns).

Cokeysmoke the Zephyrmancer (TeAE)                  Turns: 9939, Time: 00:33:29

Health: -6/52      AC:  3    Str: 13    XL:     9   Next: 51%
Magic:  1/16       EV: 18    Int: 15    God:
Gold:   310        SH:  0    Dex: 15    Spells: 7/17 levels left

rFire    + . .     SeeInvis .   c - staff of death
rCold    x . .     Faith    .   (no shield)
rNeg     + + .     Spirit   .   d - +0 robe
rPois    .         Reflect  .   (helmet restricted)
rElec    +         Harm     .   (no cloak)
rCorr    .                      y - +0 pair of gloves
MR       .....                  (boots unavailable)
Stlth    ++........             (no amulet)
HPRegen  0.17/turn              z - ring "Koxol" {Fire rElec rN+ Str+5 Int-4}
MPRegen  0.15/turn              (no ring)

@: flying quickly and evasively, quick
A: beak, talons 3, able to fly
a: Stop Flying


You were on level 6 of the Dungeon.
You visited 1 branch of the dungeon, and saw 6 of its levels.
You also visited: Ossuary.

You collected 310 gold pieces.

Inventory:

Hand Weapons
 a - a +1 dagger of electrocution
 b - a +0 spear
 f - a +0 short sword
 s - a +0 falchion
 u - a +0 battleaxe
Missiles
 e - 14 poisoned darts (quivered)
 w - 4 atropa-tipped darts
Armour
 d - a +0 robe (worn)
 j - a +0 leather armour of fire resistance
 y - a +0 pair of gloves (worn)
Magical Staves
 c - an uncursed staff of death (weapon)
 i - an uncursed staff of fire
Jewellery
 z - the ring "Koxol" (left hand) {Fire rElec rN+ Str+5 Int-4}
   (You found it on level 4 of the Dungeon)

   [ring of fire]

   It enhances your fire magic.
   It affects your strength (+5).
   It affects your intelligence (-4).
   It protects you from fire.
   It makes you vulnerable to cold.
   It insulates you from electricity.
   It protects you from negative energy.
Scrolls
 l - 3 scrolls of teleportation
 n - 3 scrolls of remove curse
 o - 2 scrolls of enchant weapon
 p - 3 scrolls of immolation
 r - a scroll of blinking {unknown}
 D - a scroll of holy word {unknown}
Potions
 h - 2 potions of flight
 k - a potion of ambrosia {unknown}
 t - a potion of brilliance
 v - 2 potions of degeneration
 A - a potion of resistance
 B - a potion of curing {unknown}
 C - 4 potions of haste


   Skills:
 + Level 3.8 Fighting
 - Level 0.1(2.3) Polearms
 + Level 4.0 Staves
 + Level 5.5 Dodging
 - Level 2.0 Stealth
 + Level 4.5 Spellcasting
 * Level 8.5 Conjurations
 * Level 9.2 Air Magic


You had 7 spell levels left.
You knew the following spells:

 Your Spells              Type           Power        Failure   Level
a - Shock                 Conj/Air       ####         1%          1
b - Swiftness             Air            ####....     1%          2
c - Static Discharge      Conj/Air       ####....     1%          3
d - Airstrike             Air            ####......   3%          4

Your spell library contained the following spells:

 Spells                   Type           Power        Failure   Level
 Lightning Bolt           Conj/Air       ####......   12%         5
 Freeze                   Ice            #...         17%         1
 Ensorcelled Hibernation  Hex/Ice        #.....       26%         2
 Hailstorm                Conj/Ice       ###.....     30%         4
 Frozen Ramparts          Ice            #.....       45%         3
 Ozocubu's Armour         Ice            #.......     45%         3
 Silence                  Hex/Air        ###.......   56%         5
 Summon Ice Beast         Ice/Summ       #.......     86%         4
 Borgnjor's Vile Clutch   Necr/Erth      #.........   99%         5
 Shadow Creatures         Summ           N/A          100%        6


Dungeon Overview and Level Annotations

Branches:
Dungeon (6/15)            Ossuary (visited)
 Temple: D:4-7

Altars:


Innate Abilities, Weirdness & Mutations

You have a beak for a mouth.
You have claws for feet.
You can fly continuously.


Message History

The ice beast is lightly wounded.
The hound skeleton bites you but does no damage.
The ice beast hits you but does no damage.
You hit the hound skeleton but do no damage.
The hound skeleton is severely damaged.
The hound skeleton bites you but does no damage. x2
The ice beast hits you but does no damage.
You closely miss the ice beast.
The ice beast is lightly wounded.
The hound skeleton bites you but does no damage.
The ice beast hits you but does no damage.
You closely miss the ice beast.
The ice beast is lightly wounded.
You feel less wooden.
Your +0 pair of gloves unmelds from your body.
Your +0 robe unmelds from your body.
The hound skeleton barely misses you. The ice beast hits you.
* * * LOW HITPOINT WARNING * * *
The ice beast freezes you!!
You feel a terrible chill!
You die...

..........).......
#.#.............. .
#.............. .. ..
#.........###..
.......###..............
..#................###..
......####..............
#...####......#..###..
.#..)Y@Z...............
......####.#..#.#...##.#
........................
..#...##..............?#
..............#.#...##.#
..#......)......#...# ..
. #...##.#.###..#...##.#
#####<................
##................


You could see an ice beast and a hound skeleton.

Vanquished Creatures
  Pikel (D:5)
  The ghost of sinister the Cudgeler, an amateur MiFi (D:4)
  Edmund (D:6)
  2 orc warriors
  An ice beast (D:4)
  An ogre (D:6)
  A phantom (D:5)
  A centaur (D:5)
  A lemure (D:5)
  A big kobold (D:5)
  A bullfrog (D:6)
  A scorpion (D:5)
  A bullfrog zombie (D:6)
  A gnoll shaman (D:4)
  A jelly (D:6)
  A bullfrog skeleton (D:5)
  3 orc priests (D:4)
  An iguana (D:3)
  4 worker ants
  4 orc wizards
  11 mummies (Ossuary)
  A worker ant zombie (D:6)
  4 gnolls (D:4)
  14 adders
  A hound simulacrum (D:4)
  2 white imps (D:4)
  A worker ant simulacrum (D:4)
  4 oozes
  An adder skeleton (D:4)
  4 worms
  A dart slug (D:1)
  2 leopard geckos
  17 orcs
  11 bats
  6 giant cockroaches
  9 goblins
  10 hobgoblins
  11 jackals
  2 quokkas
  2 ball pythons
  5 frilled lizards
  2 giant cockroach simulacra (D:4)
  3 gnoll skeletons (Ossuary)
  2 goblin skeletons (Ossuary)
  15 kobolds
  A kobold skeleton (Ossuary)
  2 orc skeletons (Ossuary)
  7 rats
  11 rat skeletons (Ossuary)
191 creatures vanquished.

Notes
Turn   | Place    | Note
-------+----------+-------------------------------------------
     0 | D:1      | Cokeysmoke the Tengu Air Elementalist began the quest for
                  | the Orb.
     0 | D:1      | Reached XP level 1. HP: 10/10 MP: 4/4
   195 | D:1      | Reached XP level 2. HP: 15/15 MP: 4/6
   708 | D:1      | Reached XP level 3. HP: 19/19 MP: 4/7
   759 | D:1      | Learned a level 2 spell: Swiftness
   763 | D:1      | Learned a level 3 spell: Static Discharge
  1495 | D:2      | Reached XP level 4. HP: 24/24 MP: 0/8
  1673 | D:2      | Reached skill level 5 in Air Magic
  2320 | D:2      | Gained mutation: You can fly continuously. [Tengu growth]
  2320 | D:2      | Reached XP level 5. HP: 28/28 MP: 4/9
  2950 | D:3      | Reached skill level 1 in Fighting
  3418 | D:3      | Reached XP level 6. HP: 26/34 MP: 11/11
  4170 | D:4      | Noticed an orc warrior
  4269 | D:4      | Reached skill level 6 in Air Magic
  4364 | D:4      | Noticed sinister's ghost (amateur MiFi)
  4364 | D:4      | Noticed an ice beast
  4387 | D:4      | Found a runed translucent gate.
  4387 | D:4      | Found a runed translucent gate.
  4387 | D:4      | Found a runed translucent gate.
  4792 | D:4      | Killed an orc warrior
  4792 | D:4      | Reached skill level 1 in Staves
  4792 | D:4      | Reached skill level 5 in Conjurations
  4792 | D:4      | Reached XP level 7. HP: 10/39 MP: 0/12
  5028 | D:4      | Learned a level 4 spell: Airstrike
  6156 | D:4      | Killed sinister's ghost
  6156 | D:4      | Reached skill level 7 in Air Magic
  6288 | D:4      | Reached XP level 8. HP: 41/45 MP: 0/14
  6410 | D:4      | Got the ring "Koxol" {Fire}
  6416 | D:4      | Identified the ring "Koxol" {Fire rElec rN+ Str+5 Int-4}
                  | (You found it on level 4 of the Dungeon)
  6441 | D:5      | Entered Level 5 of the Dungeon
  6519 | D:5      | Found a sand-covered staircase.
  6548 | Ossuary  | Entered an ossuary
  8166 | D:5      | Reached skill level 8 in Air Magic
  8854 | D:5      | Noticed Pikel
  8916 | D:5      | Killed Pikel
  8916 | D:5      | Reached skill level 5 in Dodging
  8916 | D:5      | Reached XP level 9. HP: 9/51 MP: 1/16
  9699 | D:6      | Reached skill level 9 in Air Magic
  9870 | D:6      | Noticed Edmund
  9900 | D:6      | Killed Edmund
  9939 | D:6      | Mangled by an ice beast

Illustrated notes

Levels and vault maps discovered:
D:1:      psy_arrival_whirlpool, layout_basic, minmay_unequal
D:2:      layout_basic
D:3:      layout_basic, minmay_misc_feat_encased
D:4:      layout_loops_cross, gammafunk_ghost_icy
D:5:      cheibrodos_thug_alley, layout_loops_corners,
          nicolae_ossuary_entry_false_entrances, uniq_pikel
D:6:      layout_basic, minmay_temple_entry_enclosed_plants,
          gammafunk_ghost_cemetery, serial_shops, nicolae_shop_crystal,
          minmay_fractal_squares_5, uniq_edmund

Skill      XL: |  1  2  3  4  5  6  7  8  9 |
---------------+----------------------------+-----
Conjurations   | 2 3 4 5 6 8 |  8.5
Air Magic      | 5 6 7 8 9 |  9.2
Dodging        | 3 4 5 |  5.5
Fighting       | 1 2 3 |  3.8
Spellcasting   | 3 4 |  4.5
Staves         | 1 2 3 4 |  4.0
Polearms       | |  0.1
Stealth        | |  2.0

Action                   |  1- 3 |  4- 6 |  7- 9 || total
-------------------------+-------+-------+-------++-------
Melee: Peck              |     1 |     8 |    31 ||    40
       Unarmed           |     1 |       |       ||     1
       Spear             |     5 |   110 |       ||   115
       Kick              |       |    14 |    51 ||    65
       Staff             |       |     7 |   207 ||   214
 Cast: Shock             |    79 |    89 |    99 ||   267
       Static Discharge  |       |     7 |    62 ||    69
       Swiftness         |       |     1 |     1 ||     2
       Airstrike         |       |       |    13 ||    13
 Abil: Fly               |       |     1 |       ||     1
  Use: Scroll            |       |     3 |     5 ||     8
       Potion            |       |     1 |    11 ||    12
 Stab: Sleeping          |       |     6 |     2 ||     8
Armor: Robe              |     5 |    12 |    14 ||    31
       Skin              |       |       |    62 ||    62
Dodge: Dodged            |     5 |    96 |   200 ||   301

Table legend: (Time is in decaauts)
 A = Elapsed time spent in this place.
 B = Non-inter-level travel time spent in this place.
 C = Inter-level travel time spent in this place.
 D = Time resting spent in this place.
 E = Time spent auto-exploring this place.
 F = Levels seen in this place.
 G = Mean time per level.
                   A        B        C        D        E       F      G
               +--------+--------+--------+--------+--------+-----+--------+
         Total |   9673 |   9555 |    118 |   2948 |   5066 |   7 | 1381.9 |
       Dungeon |   8581 |   8463 |    118 |   2890 |   4165 |   6 | 1430.2 |
       Ossuary |   1091 |   1091 |      0 |     58 |    901 |   1 | 1091.0 |
               +--------+--------+--------+--------+--------+-----+--------+

Top non-repeatable levels by time:
     D:5: 2075 daAuts
     D:4: 1911 daAuts
     D:2: 1631 daAuts
     D:3: 1590 daAuts
     D:1: 1134 daAuts
 Ossuary: 1091 daAuts
     D:6: 237 daAuts
